 Dungeon Crawl Stone Soup version 0.31.0-32-g396128a36d (webtiles) character file.

Game seed: 4938878433189764368

52 GiantSquids the Chopper (level 3, -4/49 HPs)
             Began as a Hill Orc Berserker on Apr 20, 2024.
             Was a Believer of Trog.
             Slain by a gnoll
             ... wielding a +0 flail
              (10 damage)
             ... on level 2 of the Dungeon.
             The game lasted 00:01:36 (848 turns).

GiantSquids the Chopper (Hill Orc Berserker)         Turns: 848, Time: 00:01:37

Health: -4/49      AC:  2    Str: 21    XL:     3   Next: 85%
Magic:  3/3        EV: 11    Int:  7    God:    Trog [**....]
Gold:   34         SH:  0    Dex: 10    Spells: 2/2 levels left

rFire   . . .        d - +1 hand axe (elec)
rCold   . . .        (no shield)
rNeg    . . .        b - +0 animal skin
rPois   .            (no helmet)
rElec   .            (no cloak)
rCorr   .            (no gloves)
SInv    .            (no boots)
Will    .....        (no amulet) Stlth
                     (no ring)
HPRegen 0.28/turn    (no ring)
MPRegen 0.08/turn

%: no passive effects
@: berserking, very quick
A: no striking features
a: Renounce Religion, Berserk, Trog's Hand


You were on level 2 of the Dungeon.
You worshipped Trog.
Trog was pleased with you.
You visited 1 branch of the dungeon, and saw 2 of its levels.

You collected 34 gold pieces.

Inventory:

Hand Weapons
 d - a +1 hand axe of electrocution (weapon)
Armour
 b - a +0 animal skin (worn)
Potions
 a - a potion of berserk rage {unknown}
 c - 2 potions of mutation {unknown}


   Skills:
 + Level 4.2 Fighting
 * Level 5.2 Axes
 + Level 2.9 Armour
 - Level 1.5 Dodging


You had 2 spell levels left.
You didn't know any spells.
Your spell library was empty.

Dungeon Overview and Level Annotations

Branches:
Dungeon (2/15)

Altars:


Message History

You slash the adder! Lightning courses through the adder!
You kill the adder!
Trog accepts your kill.
You can now call upon Trog for regeneration and willpower.
No target in view!
No target in view!
A gnoll is nearby!
You slash the gnoll! Lightning courses through the gnoll!!
You kill the gnoll!
Trog accepts your kill.
No target in view!
No target in view!
A gnoll comes into view.
It is wielding a +0 flail and quivering a throwing net.
A gnoll comes into view. It is wielding a +0 club.
There are monsters nearby!
Things that are here:
a +0 club; a gnoll corpse No target in view!
No target in view!
No target in view!
The gnoll throws a throwing net.
The throwing net hits you.
You become entangled in the net!
You see here a throwing net.
You tear a large gash into the net.
You shred the net and break free! The gnoll hits you with a +0 flail!
The gnoll hits you with a +0 club.
You slash the gnoll! You punch the gnoll.
The gnoll is severely wounded.
You hit the gnoll. The gnoll closely misses you.
The gnoll hits you with a +0 club!
You hit the gnoll. Your punch misses the gnoll.
The gnoll is almost dead.
You closely miss the gnoll. The gnoll hits you with a +0 flail.
* * * LOW HITPOINT WARNING * * *
The gnoll hits you with a +0 club.
* * * LOW HITPOINT WARNING * * *
A red film seems to cover your vision as you go berserk!
You feel yourself moving faster!
You feel mighty! The gnoll hits you with a +0 flail!
You die...

##....... #.......#
#....... #...#.#
#..... .#..
#######...#...#...
.......gg.........
.###....@#####.....
.........).........
.##.....#...#.....#
#.......#....?....#
...#.#.#.#.#†....# .#
#.......#.....!...#
.......#...#...)..####
..............###
#.#####......#


You could see 2 gnolls.

Vanquished Creatures
  A gnoll (D:2)
  An adder (D:2)
  A dart slug (D:1)
  4 endoplasms (D:1)
  7 goblins (D:1)
  2 hobgoblins (D:1)
  A kobold (D:2)
  3 quokkas
  3 ball pythons (D:1)
  3 bats
  A frilled lizard (D:1)
  3 rats (D:1)
30 creatures vanquished.

Notes
Turn   | Place    | Note
-------+----------+-------------------------------------------
     0 | D:1      | GiantSquids the Hill Orc Berserker began the quest for the
                  | Orb.
     0 | D:1      | Reached XP level 1. HP: 19/19 MP: 1/1
     3 | D:1      | Noticed an electric eel
     4 | D:1      | Noticed an electric eel
   107 | D:1      | Reached XP level 2. HP: 21/27 MP: 2/2
   500 | D:1      | Reached XP level 3. HP: 32/33 MP: 3/3
   835 | D:2      | Reached skill level 5 in Axes
   837 | D:2      | Reached ** piety under Trog
   848 | D:2      | Slain by a gnoll

Illustrated notes

Levels and vault maps discovered:
D:1:      arrival_aquarium_b, layout_loops_ring
D:2:      layout_loops_ring, basic_ecumenical_altar, hangedman_decor_lopped

Skill      XL: |  1  2  3 |
---------------+----------+-----
Fighting       | 4 |  4.2
Axes           | 5 |  5.2
Armour         | |  2.9
Dodging        | |  1.5

Action                     || total
---------------------------++-------
  Melee: Hand axe          ||    63
         Punch             ||     2
 Invoke: Berserk           ||     1
   Stab: Sleeping          ||     1
 Armour: Animal skin       ||    41
  Dodge: Dodged            ||    29
